 Dungeon Crawl Stone Soup version 0.29-a0-266-gf56f883ddd (webtiles) character file.

Game seed: 560610250069656904

57 spaghetti the Skirmisher (level 3, -10/30 HPs)
             Began as a Demonspawn Gladiator on Mar 6, 2022.
             Was a Follower of Qazlal.
             Killed from afar by a white imp (11 damage)
             ... with a puff of frost
             ... summoned by Natasha
             ... on level 2 of the Dungeon.
             The game lasted 00:02:08 (1457 turns).

spaghetti the Skirmisher (Demonspawn Gladiator)     Turns: 1457, Time: 00:02:08

Health: -10/30     AC:  8    Str: 16    XL:     3   Next: 73%
Magic:  0/3        EV: 12    Int:  9    God:    Qazlal [*.....]
Gold:   64         SH:  2    Dex: 14    Spells: 2/2 levels left

rFire   . . .      SeeInvis .   a - +0 quarterstaff {staff}
rCold   . . .      Faith    .   (shield currently unavailable)
rNeg    . . .      Spirit   +   b - +0 leather armour
rPois   .          Reflect  .   c - +1 helmet
rElec   .          Harm     .   (no cloak)
rCorr   .          Rampage  .   l - +2 pair of gloves
Will    .....                   (no boots)
Stlth   +.........              n - amulet of guardian spirit
HPRegen 0.10/turn               (no ring)
MPRegen 0.16/turn               (no ring)

@: mighty, slowed, very slow
A: hooves 1, magic regeneration
a: Renounce Religion


You were on level 2 of the Dungeon.
You worshipped Qazlal.
Qazlal was aware of your devotion.
You visited 1 branch of the dungeon, and saw 2 of its levels.

You collected 64 gold pieces.


Innate Abilities, Weirdness & Mutations

You have large cloven feet.
You regenerate magic rapidly.


   Skills:
 + Level 4.1 Fighting
 - Level 2.6 Staves
 - Level 1.7 Throwing
 - Level 2.6 Dodging


You had 2 spell levels left.
You didn't know any spells.
Your spell library contained the following spells:

 Spells                   Type           Power      Damage    Failure   Level
 Sting                    Tmut/Pois      0%         1d3       45%         1
 Poisonous Vapours        Pois/Air       0%         N/A       58%         2
 Dazzling Flash           Conj/Hex       0%         N/A       83%         3
 Olgreb's Toxic Radiance  Pois           0%         N/A       99%         4
 Agony                    Necr           0%         N/A       100%        5
 Silence                  Hex/Air        0%         N/A       100%        5

Inventory:

Hand Weapons
 a - a +0 quarterstaff (weapon) {staff}
Missiles
 d - 3 throwing nets (quivered) {=f!fthrowing}
 e - a javelin {throwing}
 o - 18 stones {throwing}
Armour
 b - a +0 leather armour (worn)
 c - a +1 helmet (worn)
 l - a +2 pair of gloves (worn)
   (You found it on level 1 of the Dungeon)
Jewellery
 f - a ring of protection from fire
   (You found it on level 1 of the Dungeon)
 g - a ring of resist corrosion
   (You found it on level 1 of the Dungeon)
 n - an amulet of guardian spirit (around neck)
   (You found it on level 2 of the Dungeon)
Wands
 m - a wand of digging (6)
   (You found it on level 2 of the Dungeon)
Scrolls
 j - a scroll of fog {unknown}
 p - 2 scrolls of vulnerability {unknown}
Potions
 h - a potion of degeneration {!q@e2}
 i - a potion of might

Dungeon Overview and Level Annotations

Branches:
Dungeon (2/15)

Altars:
Qazlal

Annotations:
D:2 Natasha

#.......##.......#...#
#...
#.............#..#...#
###.
#.......##.##.#......#
#. #######..#.##.#..#
..# #.
...#.##....#...# #.
#.####..#...# #.
#...........# #.
.######).##### #.
......5@.# ##
.#####ยง.h# #..5#
..).# #..... #......
#...##. ##... .#


You could see Natasha and 2 white imps.


Message History

You hit the hobgoblin. Your kick misses the hobgoblin.
The hobgoblin hits you but does no damage.
You hit the hobgoblin.
You kill the hobgoblin!
Qazlal accepts your kill.
No target in view!
No target in view!
No target in view!
No target in view!
p - a scroll labelled JOFICZ PUGASUC You see here a hobgoblin corpse.
You now have 54 gold pieces (gained 9).
p - 2 scrolls labelled JOFICZ PUGASUC (gained 1)
You see here a hobgoblin corpse.
You see here a +0 ring mail.
You now have 64 gold pieces (gained 10).
Key pressed, stopping explore.
No target in view!
o - 18 stones {throwing} (gained 14)
A kobold comes into view. It is wielding a +0 dagger.
A kobold is nearby!
A kobold is nearby!
Natasha, Servant of Life and Death comes into view.
Natasha hisses angrily.
Natasha mumbles some strange words.
You closely miss the kobold. You kick the kobold.
The kobold completely misses you.
You sock the kobold!
You kill the kobold!
Qazlal accepts your kill. Natasha casts a spell at you.
The magic dart hits you.
You see here a +0 dagger {short}.
The white imp grins evilly. ๐Ÿ˜Ž MP[-1]
You lost 1 mp, and now have 2/3 mp.
You hit Natasha but do no damage. Your kick misses Natasha.
Natasha barely misses you. The white imp closely misses you.
You closely miss Natasha.
Natasha stares at you and mumbles some strange words.
You feel yourself slow down. The white imp hits you. The white imp freezes you.
You block Natasha's attack. ๐Ÿ˜• HP[-7] MP[-1]
You take 7 damage, and now have 23/30 hp.
MASSIVE DAMAGE!! (PAUSE)
You lost 1 mp, and now have 1/3 mp.
You closely miss Natasha. The white imp closely misses you. Natasha claws you.
The white imp barely misses you. ๐Ÿ˜ฎ HP[-2]
You take 2 damage, and now have 21/30 hp.
You closely miss Natasha. Natasha barely misses you. The white imp hits you.
The white imp freezes you.
* * * LOW HITPOINT WARNING * * *
Natasha closely misses you.
The white imp barely misses you. ๐Ÿ˜จ HP[-6]
You take 6 damage, and now have 15/30 hp.
You hit Natasha. Natasha claws you but does no damage.
The white imp closely misses you. Natasha misses you.
You hit Natasha. You block the white imp's attack.
Natasha drinks a potion.
Natasha is healed!
The white imp hits you.
* * * LOW HITPOINT WARNING * * *
The white imp freezes you.
* * * LOW HITPOINT WARNING * * *
๐Ÿ˜จ HP[-6] MP[-1]
You take 6 damage, and now have 9/30 hp.
You lost 1 mp, and now have 0/3 mp.
Okay, then.
It was a potion of curing.
You feel better. Natasha casts a spell at you. The magic dart hits you.
* * * LOW HITPOINT WARNING * * *
The white imp gestures at you. The puff of frost hits you.
* * * LOW HITPOINT WARNING * * *
Natasha hisses.
Natasha barely misses you.
The white imp barely misses you. ๐Ÿ˜จ HP[+2]
You regained 2 hp, and now have 11/30 hp.
It was a potion of might.
You feel very mighty all of a sudden. Natasha closely misses you.
The white imp sputters.
The white imp hits you but does no damage.
You closely miss Natasha. Natasha casts a spell at you.
The magic dart hits you.
* * * LOW HITPOINT WARNING * * *
The white imp hits you but does no damage.
Natasha casts a spell. ๐Ÿ˜ฑ HP[-4]
You take 4 damage, and now have 7/30 hp.
You barely miss Natasha.
Natasha is engulfed in blazing flames.
Natasha barely misses you. The white imp hits you.
* * * LOW HITPOINT WARNING * * *
The white imp freezes you.
* * * LOW HITPOINT WARNING * * *
The white imp gestures at you. The puff of frost hits you!
You die...

Skill      XL: |  1  2  3 |
---------------+----------+-----
Fighting       | 3 4 |  4.1
Staves         | |  2.6
Throwing       | |  1.7
Dodging        | |  2.6

Action                   || total
-------------------------++-------
Melee: Quarterstaff      ||   112
       Kick              ||    17
  Use: Scroll            ||     3
       Potion            ||     2
 Stab: Sleeping          ||     2
Armor: Leather armour    ||    42
Dodge: Dodged            ||    86
Block: Other             ||     7

Levels and vault maps discovered:
D:1:      onia_arrival_handbag, layout_basic, chequers_ecumenical_altar_island
D:2:      layout_basic, basic_altar, uniq_natasha, uniq_terence

Notes
Turn   | Place    | Note
-------+----------+-------------------------------------------
     0 | D:1      | spaghetti the Demonspawn Gladiator began the quest for the
                  | Orb.
     0 | D:1      | Reached XP level 1. HP: 16/16 MP: 1/1
     0 | D:1      | magus.rc [v1.9.6]
    79 | D:1      | Found a faded altar of an unknown god.
   267 | D:1      | Prayed at the altar of an unknown god.
   267 | D:1      | Became a worshipper of Qazlal Stormbringer
   267 | D:1      | Reached * piety under Qazlal
   296 | D:1      | You pick up a book of the Senses and begin reading...
   296 | D:1      | You add the spells Dazzling Flash, Agony and Silence to
                  | your library.
   340 | D:1      | Gained mutation: You have large cloven feet. [demonic
                  | ancestry]
   340 | D:1      | Reached XP level 2. HP: 22/23 MP: 2/2
   392 | D:1      | Reached skill level 3 in Fighting
   807 | D:1      | You add the spells Sting, Poisonous Vapours and Olgreb's
                  | Toxic Radiance to your library.
   898 | D:1      | Gained mutation: You regenerate magic rapidly. [demonic
                  | ancestry]
   898 | D:1      | Reached XP level 3. HP: 29/29 MP: 3/3
  1219 | D:2      | Reached skill level 4 in Fighting
  1443 | D:2      | Noticed Natasha
  1456 | D:2      | HP: 7/30 [Natasha/magic dart (4)]
  1457 | D:2      | HP: 1/30 [white imp[Natasha] (3)]
  1457 | D:2      | Killed from afar by a white imp

Vanquished Creatures
  An adder (D:2)
  A dart slug (D:1)
  4 bats (D:1)
  6 endoplasms
  A giant cockroach (D:1)
  3 goblins (D:1)
  6 hobgoblins
  2 jackals (D:1)
  A quokka (D:2)
  7 ball pythons
  4 frilled lizards
  5 kobolds
  2 rats (D:1)
43 creatures vanquished.

Table legend:
 A = Non-vault XP
 B = Vault XP
 C = Vault XP percentage of total XP
 D = Non-vault monster count
 E = Vault monster count
 F = Vault count percentage of total count
                 A         B        C        D         E       F
            +---------+---------+-------+---------+---------+-------
      Total |      76 |       6 |   7.3 |      39 |       4 |   9.3
            +---------+---------+-------+---------+---------+-------
        D:1 |      37 |       6 |  14.0 |      22 |       4 |  15.4
        D:2 |      39 |       0 |   0.0 |      17 |       0 |   0.0
            +---------+---------+-------+---------+---------+-------

Illustrated notes

Table legend:
 A = Kills in this place as a percentage of kills in entire the game.
 B = Kills by you in this place as a percentage of kills by you in the entire game.
 C = Kills by friends in this place as a percentage of kills by friends in the entire game.
 D = Other kills in this place as a percentage of other kills in the entire game.
 E = Experience gained in this place as a percentage of experience gained in the entire game.
 F = Experience gained in this place divided by the number of levels of this place that you have seen.
                   A       B       C       D       E      F
               +-------+-------+-------+-------+-------+----------------------
         Total | 100.0 | 100.0 |   N/A |   N/A | 100.0 |  41.0
       Dungeon | 100.0 | 100.0 |   N/A |   N/A | 100.0 |  41.0
               +-------+-------+-------+-------+-------+----------------------

Table legend: (Time is in decaauts)
 A = Elapsed time spent in this place.
 B = Non-inter-level travel time spent in this place.
 C = Inter-level travel time spent in this place.
 D = Time resting spent in this place.
 E = Time spent auto-exploring this place.
 F = Levels seen in this place.
 G = Mean time per level.
                   A        B        C        D        E       F      G
               +--------+--------+--------+--------+--------+-----+--------+
         Total |   1487 |   1457 |     30 |    335 |    837 |   2 |  743.5 |
       Dungeon |   1487 |   1457 |     30 |    335 |    837 |   2 |  743.5 |
               +--------+--------+--------+--------+--------+-----+--------+

Top non-repeatable levels by time:
     D:1: 999 daAuts
     D:2: 488 daAuts
